[ PARTIDA AOE2 · #504888101 ]
UnrankedArmenios vs Wei
Equipo del jugador · DERR
Equipo rival · VICT
[ ANÁLISIS DE REPETICIÓN · EXTRAÍDO DE LA PARTIDA GRABADA ]
Feudal
8:55
Castillos
26:45
Imperial
41:30
| APM promedio | 82.4 |
| APM pico | 124 |
| eAPM promedio | 39.4 |
| Aldeanos / militares | 229 / 155 |
Foco
⚔️ 52.5% · 🌾 47.5%
Composite Bowman ×109 · Skirmisher ×16 · Spearman ×15 · Scout Cavalry ×11 · Monk ×2 · Trebuchet (Packed) ×2
Feudal
9:42
Castillos
21:56
Imperial
37:48
| APM promedio | 69.3 |
| APM pico | 121 |
| eAPM promedio | 27.4 |
| Aldeanos / militares | 161 / 39 |
Foco
⚔️ 36.9% · 🌾 63.1%
Unknown (1952) ×93 · Scout Cavalry ×31 · Unknown (1942) ×13 · Spearman ×5 · Monk ×2 · Battering Ram ×1
Mapa de la partida
Recursos iniciales + cada clic de construcción. Líneas = muros · curvas = relieve. ◆ oro · ⬟ piedra · ● bayas · ✦ reliquia · ◌ hueco del cierre
Tu base· ✓ Cerrada en 26:45 · 30t muro · 2 puerta(s)
Base de L.L· Abierta — hueco de 4t
Terreno inicial suavizado · ◌ = hueco del cierre detectado · pasá el cursor para detalles
Inputs por minuto
— DS_Laura - - L.L
Build order — DS_Laura
Primeras 150 de 577 acciones detectadas
| 0:01 | Crear | Villager (Male) |
| 0:01 | Crear | Villager (Male) |
| 0:01 | Crear | Villager (Male) |
| 0:02 | Crear | Villager (Male) |
| 0:04 | Construir | House |
| 0:06 | Construir | House |
| 1:26 | Crear | Villager (Male) |
| 1:51 | Construir | Mule Cart |
| 2:05 | Crear | Villager (Male) |
| 2:15 | Crear | Villager (Male) |
| 2:47 | Crear | Villager (Male) |
| 3:12 | Crear | Villager (Male) |
| 3:43 | Crear | Villager (Male) |
| 3:53 | Construir | House |
| 3:59 | Crear | Villager (Male) |
| 4:05 | Crear | Villager (Male) |
| 4:08 | Crear | Villager (Male) |
| 4:19 | Construir | Mill |
| 4:24 | Crear | Villager (Male) |
| 4:48 | Crear | Villager (Male) |
| 5:14 | Crear | Villager (Male) |
| 5:14 | Crear | Villager (Male) |
| 5:25 | Crear | Villager (Male) |
| 5:27 | Crear | Villager (Male) |
| 5:42 | Crear | Villager (Male) |
| 5:52 | Investigar | Loom |
| 6:45 | Investigar | Feudal Age |
| 6:49 | Construir | House |
| 7:30 | Construir | Barracks |
| 7:35 | Crear | Villager (Male) |
| 7:38 | Construir | House |
| 7:57 | Crear | Villager (Male) |
| 8:14 | Crear | Villager (Male) |
| 8:35 | Crear | Villager (Male) |
| 8:36 | Crear | Villager (Male) |
| 8:52 | Crear | Villager (Male) |
| 8:55 | Edad | Edad Feudal |
| 8:59 | Construir | Stable |
| 9:02 | Crear | Villager (Male) |
| 9:07 | Investigar | Double-Bit Axe |
| 9:16 | Investigar | Horse Collar |
| 9:19 | Crear | Villager (Male) |
| 9:34 | Construir | House |
| 9:36 | Crear | Villager (Male) |
| 9:37 | Crear | Villager (Male) |
| 9:44 | Construir | House |
| 9:46 | Crear | Scout Cavalry |
| 9:56 | Construir | Farm |
| 10:02 | Crear | Villager (Male) |
| 10:02 | Crear | Villager (Male) |
| 10:11 | Construir | Farm |
| 10:15 | Crear | Villager (Male) |
| 10:27 | Crear | Scout Cavalry |
| 10:30 | Construir | Farm |
| 10:32 | Crear | Villager (Male) |
| 10:41 | Construir | Palisade Wall |
| 10:43 | Crear | Villager (Male) |
| 10:46 | Construir | House |
| 10:57 | Crear | Villager (Male) |
| 11:10 | Crear | Scout Cavalry |
| 11:17 | Crear | Villager (Male) |
| 11:18 | Crear | Villager (Male) |
| 11:20 | Crear | Villager (Male) |
| 11:21 | Crear | Villager (Male) |
| 11:22 | Construir | Farm |
| 11:26 | Construir | House |
| 11:27 | Construir | Palisade Wall |
| 11:40 | Crear | Villager (Male) |
| 11:47 | Construir | House |
| 11:48 | Construir | House |
| 12:10 | Crear | Villager (Male) |
| 12:13 | Crear | Villager (Male) |
| 12:19 | Crear | Villager (Male) |
| 12:28 | Construir | Watch Tower |
| 12:33 | Crear | Scout Cavalry |
| 12:35 | Crear | Villager (Male) |
| 12:36 | Crear | Villager (Male) |
| 12:38 | Construir | Blacksmith |
| 12:40 | Crear | Villager (Male) |
| 12:55 | Construir | Mule Cart |
| 12:55 | Crear | Villager (Male) |
| 13:00 | Construir | House |
| 13:17 | Crear | Scout Cavalry |
| 13:23 | Crear | Villager (Male) |
| 13:24 | Crear | Scout Cavalry |
| 13:30 | Investigar | Forging |
| 14:00 | Crear | Scout Cavalry |
| 14:15 | Crear | Villager (Male) |
| 14:21 | Crear | Scout Cavalry |
| 14:42 | Construir | Farm |
| 14:43 | Construir | Farm |
| 14:43 | Construir | Farm |
| 14:43 | Construir | Farm |
| 15:09 | Crear | Scout Cavalry |
| 15:19 | Crear | Spearman |
| 15:41 | Crear | Villager (Male) |
| 15:43 | Construir | Farm |
| 15:43 | Construir | Farm |
| 15:48 | Construir | Farm |
| 15:48 | Crear | Villager (Male) |
| 15:51 | Construir | House |
| 15:52 | Construir | House |
| 16:04 | Crear | Villager (Male) |
| 16:09 | Construir | Mule Cart |
| 16:17 | Construir | House |
| 16:21 | Crear | Villager (Male) |
| 16:27 | Construir | House |
| 16:34 | Construir | House |
| 16:39 | Crear | Villager (Male) |
| 16:52 | Crear | Villager (Male) |
| 17:15 | Construir | Watch Tower |
| 17:17 | Investigar | Fletching |
| 17:18 | Crear | Villager (Male) |
| 17:19 | Crear | Villager (Male) |
| 17:29 | Crear | Scout Cavalry |
| 17:43 | Construir | Farm |
| 17:48 | Construir | Palisade Gate |
| 17:54 | Crear | Spearman |
| 18:06 | Crear | Villager (Male) |
| 18:07 | Construir | House |
| 18:09 | Construir | House |
| 18:15 | Crear | Spearman |
| 18:44 | Crear | Scout Cavalry |
| 18:54 | Crear | Villager (Male) |
| 19:01 | Construir | Watch Tower |
| 19:09 | Crear | Villager (Male) |
| 19:15 | Construir | House |
| 19:16 | Construir | Palisade Gate |
| 19:18 | Construir | House |
| 19:20 | Construir | Palisade Wall |
| 19:24 | Crear | Villager (Male) |
| 19:30 | Construir | Mule Cart |
| 19:37 | Crear | Villager (Male) |
| 19:41 | Construir | Farm |
| 19:45 | Construir | Market |
| 19:56 | Construir | House |
| 19:57 | Construir | House |
| 20:02 | Construir | House |
| 20:16 | Crear | Villager (Male) |
| 20:17 | Crear | Villager (Male) |
| 20:36 | Crear | Villager (Male) |
| 20:39 | Crear | Villager (Male) |
| 20:41 | Construir | Farm |
| 20:53 | Construir | House |
| 20:58 | Crear | Villager (Male) |
| 20:59 | Crear | Villager (Male) |
| 21:00 | Construir | Farm |
| 21:01 | Crear | Villager (Male) |
| 21:08 | Crear | Villager (Male) |
| 21:18 | Construir | House |
Build order — L.L
Primeras 150 de 504 acciones detectadas
| 0:00 | Crear | Villager (Male) ×4 |
| 0:02 | Construir | House |
| 0:03 | Construir | House |
| 1:26 | Crear | Villager (Male) |
| 1:52 | Construir | Lumber Camp |
| 2:03 | Crear | Villager (Male) |
| 2:21 | Crear | Villager (Male) |
| 2:54 | Crear | Villager (Male) |
| 3:10 | Crear | Villager (Male) |
| 3:36 | Crear | Villager (Male) |
| 3:56 | Construir | House |
| 4:00 | Crear | Villager (Male) |
| 4:09 | Construir | House |
| 4:12 | Crear | Villager (Male) |
| 4:29 | Construir | Palisade Wall |
| 4:30 | Construir | Palisade Wall |
| 4:31 | Construir | Palisade Wall |
| 4:38 | Crear | Villager (Male) |
| 5:00 | Construir | Palisade Wall |
| 5:00 | Construir | Palisade Wall |
| 5:03 | Construir | Palisade Wall |
| 5:07 | Construir | Palisade Wall |
| 5:09 | Construir | Palisade Wall |
| 5:12 | Construir | Palisade Wall |
| 5:12 | Construir | Palisade Wall |
| 5:13 | Construir | Palisade Wall |
| 5:13 | Construir | Palisade Wall |
| 5:16 | Crear | Villager (Male) |
| 5:19 | Construir | Palisade Wall |
| 5:29 | Construir | Mill |
| 5:37 | Crear | Villager (Male) |
| 5:47 | Construir | Palisade Wall |
| 5:48 | Construir | Palisade Wall |
| 6:10 | Crear | Villager (Male) |
| 6:34 | Crear | Villager (Male) |
| 6:45 | Construir | Palisade Wall |
| 6:50 | Investigar | Loom |
| 7:32 | Investigar | Feudal Age |
| 9:24 | Crear | Villager (Male) |
| 9:42 | Edad | Edad Feudal |
| 9:45 | Investigar | Double-Bit Axe |
| 9:46 | Investigar | Horse Collar |
| 9:53 | Construir | House |
| 10:08 | Construir | Farm |
| 10:08 | Crear | Villager (Male) |
| 10:13 | Construir | Farm |
| 10:14 | Crear | Villager (Male) |
| 10:16 | Construir | Farm |
| 10:19 | Construir | Farm |
| 10:36 | Construir | Farm |
| 10:38 | Construir | Farm |
| 10:40 | Crear | Villager (Male) |
| 10:43 | Construir | House |
| 11:00 | Crear | Villager (Male) |
| 11:23 | Crear | Villager (Male) |
| 11:31 | Construir | Barracks |
| 11:39 | Construir | House |
| 11:40 | Construir | Palisade Wall |
| 11:42 | Construir | Palisade Wall |
| 12:09 | Crear | Villager (Male) |
| 12:20 | Construir | Stable |
| 12:28 | Crear | Villager (Male) |
| 12:33 | Construir | Farm |
| 12:51 | Crear | Villager (Male) |
| 13:01 | Crear | Spearman |
| 13:02 | Crear | Scout Cavalry |
| 13:04 | Construir | Farm |
| 13:13 | Crear | Scout Cavalry |
| 13:14 | Crear | Villager (Male) |
| 13:30 | Crear | Villager (Male) |
| 13:40 | Crear | Spearman |
| 13:43 | Construir | Watch Tower |
| 13:49 | Crear | Scout Cavalry |
| 13:51 | Crear | Scout Cavalry |
| 13:52 | Crear | Spearman |
| 13:59 | Crear | Villager (Male) |
| 14:15 | Crear | Villager (Male) |
| 14:26 | Crear | Scout Cavalry |
| 14:35 | Crear | Scout Cavalry |
| 14:39 | Crear | Villager (Male) |
| 14:41 | Crear | Scout Cavalry |
| 14:48 | Construir | House |
| 15:08 | Construir | Lumber Camp |
| 15:16 | Construir | Mining Camp |
| 15:24 | Crear | Scout Cavalry |
| 15:50 | Construir | Farm |
| 15:51 | Construir | Farm |
| 15:53 | Construir | Farm |
| 15:54 | Construir | Farm |
| 15:54 | Construir | Farm |
| 15:55 | Construir | Farm |
| 15:56 | Construir | Farm |
| 16:03 | Crear | Villager (Male) |
| 16:05 | Crear | Villager (Male) |
| 16:08 | Construir | Farm |
| 16:10 | Investigar | Wheelbarrow |
| 16:13 | Construir | Farm |
| 16:29 | Construir | Farm |
| 16:43 | Construir | Farm |
| 17:19 | Construir | Blacksmith |
| 17:26 | Crear | Villager (Male) |
| 18:16 | Crear | Villager (Male) |
| 18:22 | Crear | Spearman |
| 18:33 | Crear | Scout Cavalry |
| 18:34 | Crear | Spearman |
| 18:34 | Crear | Villager (Male) |
| 18:58 | Construir | House |
| 19:16 | Investigar | Castle Age |
| 19:24 | Construir | Mill |
| 19:24 | Construir | Farm |
| 19:24 | Construir | Farm |
| 19:25 | Construir | Farm |
| 19:25 | Construir | Farm |
| 19:29 | Crear | Scout Cavalry |
| 19:45 | Construir | Stable |
| 19:49 | Crear | Scout Cavalry |
| 19:53 | Investigar | Scale Barding Armor |
| 19:53 | Investigar | Scale Barding Armor |
| 19:56 | Construir | Lumber Camp |
| 20:02 | Crear | Scout Cavalry |
| 20:33 | Crear | Scout Cavalry |
| 20:37 | Investigar | Bloodlines |
| 20:42 | Crear | Scout Cavalry |
| 21:02 | Construir | Market |
| 21:08 | Crear | Scout Cavalry |
| 21:08 | Crear | Scout Cavalry |
| 21:22 | Crear | Scout Cavalry |
| 21:24 | Construir | House |
| 21:34 | Crear | Scout Cavalry |
| 21:38 | Construir | House |
| 21:38 | Construir | House |
| 21:45 | Crear | Scout Cavalry |
| 21:45 | Crear | Scout Cavalry |
| 21:48 | Crear | Scout Cavalry |
| 21:56 | Edad | Edad de los Castillos |
| 22:01 | Investigar | Forging |
| 22:07 | Investigar | Light Cavalry (upgrade) |
| 22:10 | Crear | Villager (Male) |
| 22:16 | Investigar | Bow Saw |
| 22:17 | Crear | Villager (Male) |
| 22:32 | Crear | Villager (Male) |
| 22:39 | Crear | Villager (Male) |
| 22:51 | Construir | Siege Workshop |
| 22:54 | Crear | Villager (Male) |
| 23:08 | Crear | Villager (Male) |
| 23:18 | Crear | Scout Cavalry |
| 23:18 | Crear | Scout Cavalry |
| 23:18 | Crear | Scout Cavalry |
| 23:24 | Crear | Scout Cavalry |
| 23:29 | Crear | Battering Ram |
Cronología de la partida
| 4:29 | L.L · wall_segment Palisade Wall x1 |
| 4:30 | L.L · wall_segment Palisade Wall x1 |
| 4:31 | L.L · wall_segment Palisade Wall x1 |
| 5:00 | L.L · wall_segment Palisade Wall x1 |
| 5:00 | L.L · wall_segment Palisade Wall x1 |
| 5:03 | L.L · wall_segment Palisade Wall x1 |
| 5:07 | L.L · wall_segment Palisade Wall x1 |
| 5:09 | L.L · wall_segment Palisade Wall x1 |
| 5:12 | L.L · wall_segment Palisade Wall x1 |
| 5:12 | L.L · wall_segment Palisade Wall x1 |
| 5:13 | L.L · wall_segment Palisade Wall x1 |
| 5:13 | L.L · wall_segment Palisade Wall x1 |
| 5:19 | L.L · wall_segment Palisade Wall x4 |
| 5:47 | L.L · wall_segment Palisade Wall x1 |
| 5:48 | L.L · wall_segment Palisade Wall x10 |
| 6:45 | L.L · wall_segment Palisade Wall x6 |
| 7:30 | DS_Laura · first_building Barracks |
| 8:55 | DS_Laura · age_up feudal |
| 8:59 | DS_Laura · first_building Stable |
| 9:42 | L.L · age_up feudal |
| 10:41 | DS_Laura · wall_segment Palisade Wall x16 |
| 11:27 | DS_Laura · wall_segment Palisade Wall x3 |
| 11:31 | L.L · first_building Barracks |
| 11:40 | L.L · wall_segment Palisade Wall x1 |
| 11:42 | L.L · wall_segment Palisade Wall x1 |
| 12:20 | L.L · first_building Stable |
| 19:20 | DS_Laura · wall_segment Palisade Wall x4 |
| 21:21 | DS_Laura · wall_segment Palisade Wall x1 |
| 21:56 | L.L · age_up castle |
| 22:06 | L.L · first_market_sell 100 wood |
| 22:51 | L.L · first_building Siege Workshop |
| 23:52 | DS_Laura · first_market_buy 100 food |
| 23:52 | DS_Laura · first_market_sell 100 stone |
| 24:04 | L.L · first_building Archery Range |
| 25:25 | L.L · first_market_buy 100 stone |
| 25:45 | DS_Laura · wall_segment Palisade Wall x1 |
| 25:46 | DS_Laura · wall_segment Palisade Wall x1 |
| 25:47 | DS_Laura · wall_segment Palisade Wall x1 |
| 25:48 | DS_Laura · wall_segment Palisade Wall x1 |
| 25:50 | DS_Laura · wall_segment Palisade Wall x1 |
| 26:33 | DS_Laura · wall_segment Stone Wall x1 |
| 26:45 | DS_Laura · age_up castle |
| 26:57 | DS_Laura · first_building Monastery |
| 28:20 | DS_Laura · first_building Castle |
| 32:54 | L.L · first_building Monastery |
| 34:45 | L.L · first_building Castle |
| 36:58 | DS_Laura · first_building Archery Range |
| 37:08 | L.L · wall_segment Stone Wall x1 |
| 37:08 | L.L · wall_segment Stone Wall x1 |
| 37:48 | L.L · age_up imperial |
| 41:30 | DS_Laura · age_up imperial |
| 48:27 | DS_Laura · resign |
[ ANÁLISIS IA · 1 CRÉDITO ]
¿Qué pasó realmente en esta partida?
Wolo.gg analiza cada decisión: build order, eco, micro, errores típicos por bracket. Análisis personalizado por WhatsApp o Discord en 30 segundos.
Guía civ
Armenios
Perfil
Jugador #543349